 Dungeon Crawl Stone Soup version 0.28.0-1-gb440e238dd (webtiles) character file.

Game seed: 1407490105778235087

6839 a3don the Frost Mage (level 11, -4/91 HPs)
             Began as a Ghoul Ice Elementalist on Feb 21, 2022.
             Was a Believer of Makhleb.
             Killed from afar by an orc wizard (11 damage)
             ... with a puff of flame
             ... on level 9 of the Dungeon.
             The game lasted 00:28:27 (11465 turns).

a3don the Frost Mage (Ghoul Ice Elementalist)      Turns: 11465, Time: 00:28:27

Health: -4/91      AC:  4    Str: 13    XL:     11   Next: 5%
Magic:  19/27      EV: 12    Int: 14    God:    Makhleb [**....]
Gold:   541        SH:  0    Dex:  9    Spells: 4/21 levels left

rFire   . . .      SeeInvis .     - Unarmed
rCold   + . .      Faith    .   (no shield)
rNeg    + + +      Spirit   .   I - +0 troll leather armour
rPois   ∞          Reflect  .   (no helmet)
rElec   .          Harm     .   f - scarf {repulsion}
rCorr   .          Rampage  .   (no gloves)
Will    .....                   (no boots)
Stlth   +.........              (no amulet)
HPRegen 0.00/turn               q - ring of magical power
MPRegen 0.20/turn               G - ring of wizardry

@: swift, inhibited regen, repel missiles, very quick
A: claws 1, cold resistance 1, negative energy resistance 3, inhibited
regeneration, torment resistance 2
a: Renounce Religion, Minor Destruction


You were on level 9 of the Dungeon.
You worshipped Makhleb.
Makhleb was pleased with you.
You visited 2 branches of the dungeon, and saw 10 of its levels.

You collected 541 gold pieces.

Inventory:

Hand Weapons
 b - a +0 hunting sling
 e - a +0 club
 x - a +0 dagger of venom
 A - a +0 war axe
 O - a +0 whip of venom
Missiles
 g - 7 poisoned darts
 m - 119 stones
 o - 75 sling bullets
 y - 4 boomerangs (quivered)
 Q - a throwing net
Armour
 a - a +1 robe
 f - a scarf of repulsion (worn)
 F - a scarf of invisibility
 I - a +0 troll leather armour (worn)
 L - +0 steam dragon scales
 R - the +4 chain mail of Unambiguity {*Slow rElec Slay+4}
   (You found it on level 9 of the Dungeon)

   Slay:      It affects your accuracy & damage with ranged weapons and melee
   (+4).
   rElec:     It insulates you from electricity.
   *Slow:     It may slow you when you take damage.
Magical Staves
 p - a staff of poison
Jewellery
 j - an amulet of faith
 q - a ring of magical power (left claw)
 s - a ring of magical power
 G - a ring of wizardry (right claw)
 M - an amulet of magic regeneration
 N - a ring of resist corrosion
Wands
 k - a wand of iceblast (7)
 v - a wand of acid (8)
 D - a wand of flame (30)
 K - a wand of polymorph (6)
Scrolls
 h - 3 scrolls of immolation {unknown}
 r - 4 scrolls of identify
 t - 2 scrolls of enchant weapon {unknown}
 u - a scroll of teleportation {unknown}
 w - a scroll of enchant armour
 H - a scroll of silence {unknown}
 J - a scroll of amnesia
 P - 4 scrolls of vulnerability {unknown}
Potions
 c - 3 potions of attraction
 d - 2 potions of lignification {unknown}
 i - 2 potions of flight {unknown}
 l - 3 potions of brilliance
 z - 5 potions of curing {unknown}
 B - a potion of haste {unknown}
 C - a potion of might {unknown}
 E - a potion of resistance {unknown}


   Skills:
 + Level 6.8 Fighting
 + Level 5.0 Dodging
 - Level 2.1 Stealth
 + Level 6.7 Unarmed Combat
 + Level 5.5 Spellcasting
 + Level 2.2 Conjurations
 + Level 4.3 Hexes
 + Level 8.2 Ice Magic
 + Level 2.2 Air Magic
 - Level 4.0 Earth Magic
 + Level 5.3 Invocations


You had 4 spell levels left.
You knew the following spells:

 Your Spells              Type           Power      Damage    Failure   Level
a - Freeze                Ice            100%       1d11      1%          1
b - Frozen Ramparts       Ice            54%        1d7       1%          3
c - Ozocubu's Armour      Ice            27%        N/A       1%          3
d - Ensorcelled Hibernat  Hex/Ice        42%        N/A       1%          2
e - Confusing Touch       Hex            15%        N/A       4%          3
f - Passwall              Tmut/Erth      7%         N/A       6%          2
g - Swiftness             Air            10%        N/A       10%         3

Your spell library contained the following spells:

 Spells                   Type           Power      Damage    Failure   Level
 Static Discharge         Conj/Air       10%        N/A       5%          2
 Dazzling Flash           Conj/Hex       26%        N/A       7%          3
 Pain                     Necr           12%        1d4       9%          1
 Hailstorm                Conj/Ice       18%        3d6       10%         4
 Gell's Gravitas          Tloc           3%         N/A       26%         3
 Teleport Other           Tloc           3%         N/A       26%         3
 Iskenderun's Mystic Bla  Conj/Tloc      7%         2d4       45%         4
 Lightning Bolt           Conj/Air       5%         1d17      65%         5
 Yara's Violent Unravell  Hex/Tmut       4%         3d4       65%         5
 Agony                    Necr           3%         N/A       90%         5
 Excruciating Wounds      Necr           1%         N/A       90%         5
 Summon Forest            Summ/Tloc      1%         N/A       90%         5
 Dispersal                Tloc           1%         N/A       100%        6
 Eringya's Noxious Bog    Tmut/Pois      1%         N/A       100%        6
 Starburst                Conj/Fire      3%         6d3       100%        6
 Enfeeble                 Hex            7%         N/A       100%        7
 Summon Hydra             Summ           1%         N/A       100%        7
 Maxwell's Capacitive Co  Air            5%         ∞         100%        8


Dungeon Overview and Level Annotations

Branches:
Dungeon (9/15)             Temple (1/1) D:5
   Lair: D:8-11         Orc: D:9-12

Altars:
Ashenzari
Cheibriados
Dithmenos
Elyvilon
Fedhas
Gozag
Hepliaklqana
Kikubaaqudgha
Makhleb
Nemelex Xobeh
Okawaru
Qazlal
Ru
Sif Muna
Trog
Uskayaw
Vehumet
Wu Jian
Xom
Yredelemnul
Zin
The Shining One

Annotations:
D:7 3 runed translucent doors, Crazy Yiuf; pdpol's ghost, novice DEWr


Innate Abilities, Weirdness & Mutations

You thrive by killing the living.
You are immune to poison.
You have sharp fingernails.
Your flesh is cold resistant. (rC+)
You are immune to negative energy. (rN+++)
You do not regenerate when monsters are visible.
You are immune to unholy pain and torment.


Message History

Confirm with . or Enter, or press ? or * to list all spells.
Casting: Frozen Ramparts (safe; 1% risk of failure)
Press: ? - help, Dir - look around, f - activate The walls around you are covered in ice.
The wall freezes the troll!
The troll bites you. The troll claws you! x2
* * * LOW HITPOINT WARNING * * *
Casting: Frozen Ramparts (safe; 1% risk of failure)
Confirm with . or Enter, or press ? or * to list all spells.
A film of ice covers your body!
The wall freezes the orc wizard.
The wall freezes the troll!
The troll bites you!
* * * LOW HITPOINT WARNING * * *
The troll claws you but does no damage. The troll claws you.
* * * LOW HITPOINT WARNING * * *
You feel much better.
The wall freezes the gnoll.
The gnoll hits you but does no damage.
The wall freezes the gnoll sergeant.
The gnoll sergeant hits you from afar with a +2 trident of venom!
The wall freezes the troll.
The troll misses you. The troll claws you. The troll barely misses you.
Casting: Ozocubu's Armour (safe; 1% risk of failure)
Confirm with . or Enter, or press ? or * to list all spells.
You feel quick.
The orc warrior shouts!
The wall freezes the gnoll.
The gnoll hits you with a +0 flail.
* * * LOW HITPOINT WARNING * * *
The wall freezes the gnoll sergeant.
The gnoll sergeant closely misses you.
The wall freezes the troll.
The troll bites you but does no damage. The troll barely misses you.
The troll claws you.
* * * LOW HITPOINT WARNING * * *
Your icy armour and frozen ramparts will break if you move.
Continue?
Your icy armour cracks and falls away as you move.
The frozen ramparts melt away as you move.
The orc wizard casts a spell at you. The magic dart hits you!
* * * LOW HITPOINT WARNING * * *
The orc wizard points at you and mumbles some strange words.
The magic dart hits you.
* * * LOW HITPOINT WARNING * * *
The orc wizard points at you and mumbles some strange words.
The puff of flame hits you!
You die...

#.......# #.............
#.......# #..........o..
######.......# #.....o...o.o.
.............#######...g#'######
....................g.g.#ggg...#
....................o...#..gg..#
....................Tg..#......#
)..................g....#......#
...............<@.......##+#####
...........................
#######....########...#####
#....# #...# .. #...# +...#
####+ #...# ..... .... .....


You could see a troll, a gnoll sergeant, an orc wizard and 4 gnolls.

Vanquished Creatures
  A two-headed ogre (D:8)
  2 trolls
  A wyvern (D:8)
  14 yaks
  A steam dragon (D:7)
  Duvessa (D:7)
  2 ice beasts
  3 sky beasts
  A necrophage (D:8)
  3 orc warriors
  A black bear (D:7)
  6 ogres
  2 centaurs
  A bullfrog (D:7)
  2 scorpions
  A wyvern zombie (D:9)
  Dowan (D:7)
  20 killer bees
  A howler monkey (D:6)
  A bullfrog zombie (D:5)
  2 hounds
  3 orc priests
  3 bullfrog skeletons
  3 iguanas
  7 orc wizards
  Ijyb (D:5)
  6 adders
  A white imp (D:5)
  2 ufetubi
  2 adder skeletons (D:4)
  An adder zombie (D:5)
  A worm (D:3)
  5 dart slugs
  21 orcs
  7 endoplasms
  A giant cockroach (D:1)
  12 hobgoblins
  4 jackals (D:4)
  2 quokkas
  5 ball pythons
  7 bats
  3 frilled lizards
  8 goblins
  10 kobolds
  4 rats
186 creatures vanquished.

Notes
Turn   | Place    | Note
-------+----------+-------------------------------------------
     0 | D:1      | a3don the Ghoul Ice Elementalist began the quest for the
                  | Orb.
     0 | D:1      | Reached XP level 1. HP: 14/14 MP: 2/2
   591 | D:1      | Reached XP level 2. HP: 10/22 MP: 0/3
  1215 | D:1      | Reached skill level 1 in Fighting
  1418 | D:1      | Reached skill level 1 in Unarmed Combat
  1591 | D:2      | Reached XP level 3. HP: 28/28 MP: 1/5
  1605 | D:2      | Learned a level 3 spell: Frozen Ramparts
  2117 | D:2      | Found a faded altar of an unknown god.
  2382 | D:3      | Reached XP level 4. HP: 23/36 MP: 0/6
  2591 | D:3      | Reached skill level 5 in Ice Magic
  3646 | D:4      | Noticed an ogre
  3653 | D:4      | Reached XP level 5. HP: 41/41 MP: 7/7
  3665 | D:4      | Killed an ogre
  4006 | D:4      | Reached XP level 6. HP: 35/50 MP: 3/9
  4200 | D:4      | Learned a level 3 spell: Ozocubu's Armour
  4596 | D:4      | Learned a level 2 spell: Ensorcelled Hibernation
  5122 | D:4      | Reached XP level 7. HP: 57/57 MP: 10/10
  5249 | D:4      | Reached skill level 1 in Hexes
  5355 | D:5      | Entered Level 5 of the Dungeon
  5687 | D:4      | Reached skill level 6 in Ice Magic
  6130 | D:5      | Found a staircase to the Ecumenical Temple.
  6150 | Temple   | Entered the Ecumenical Temple
  6344 | Temple   | Became a worshipper of Makhleb the Destroyer
  6606 | D:5      | Reached skill level 1 in Invocations
  6613 | D:5      | Reached XP level 8. HP: 55/66 MP: 12/12
  6850 | D:5      | Noticed Ijyb
  6868 | D:5      | Killed Ijyb
  6996 | D:5      | Found a shadowy altar of Dithmenos.
  7953 | D:6      | Learned a level 3 spell: Confusing Touch
  8014 | D:6      | Reached skill level 1 in Earth Magic
  8129 | D:6      | Noticed a yak
  8129 | D:6      | Noticed a yak
  8131 | D:6      | Noticed a yak
  8138 | D:6      | Noticed a yak
  8139 | D:6      | Noticed a yak
  8147 | D:6      | Killed a yak
  8150 | D:6      | Killed a yak
  8151 | D:6      | Reached XP level 9. HP: 48/73 MP: 14/14
  8153 | D:6      | Reached skill level 5 in Fighting
  8159 | D:6      | Reached skill level 5 in Unarmed Combat
  8164 | D:6      | Reached skill level 7 in Ice Magic
  8402 | D:6      | Found a radiant altar of Vehumet.
  8406 | D:6      | Found a blossoming altar of Fedhas.
  8411 | D:6      | Found a hide-covered altar of Uskayaw.
  9060 | D:7      | Reached * piety under Makhleb
  9166 | D:7      | Noticed a troll
  9175 | D:7      | Killed a troll
  9324 | D:7      | Noticed Duvessa
  9326 | D:7      | Noticed Dowan
  9335 | D:7      | Killed Dowan
  9336 | D:7      | Killed Duvessa
  9370 | D:7      | Learned a level 2 spell: Passwall
  9387 | D:7      | Reached XP level 10. HP: 80/83 MP: 16/16
  9488 | D:7      | Found a runed translucent door.
  9489 | D:7      | Noticed Crazy Yiuf
  9802 | D:7      | Found a large runed translucent door.
  9802 | D:7      | Found a large runed translucent door.
  9851 | D:7      | Noticed pdpol's ghost (novice DEWr)
  9981 | D:8      | Reached skill level 5 in Spellcasting
 10004 | D:8      | Learned a level 3 spell: Swiftness
 10244 | D:8      | Reached skill level 1 in Conjurations
 10244 | D:8      | Reached skill level 1 in Air Magic
 10373 | D:8      | Reached ** piety under Makhleb
 10528 | D:8      | Noticed a two-headed ogre
 10538 | D:8      | Killed a two-headed ogre
 10539 | D:8      | Reached skill level 8 in Ice Magic
 10539 | D:8      | Reached skill level 5 in Invocations
 11157 | D:9      | Reached XP level 11. HP: 90/91 MP: 18/18
 11158 | D:9      | Reached skill level 5 in Dodging
 11360 | D:9      | Identified the +4 chain mail of Unambiguity {*Slow rElec
                  | Slay+4}
 11465 | D:9      | Killed from afar by an orc wizard

Illustrated notes

Levels and vault maps discovered:
D:1:      eino_arrival_water_cross, layout_basic
D:2:      layout_rooms, ebering_ecumenical_altar_sacrificial
D:3:      layout_basic, minmay_misc_feat_diagonals, roderic_roman_lattice
D:4:      minmay_opposing_rooms, layout_loops_cross
D:5:      layout_basic, old_standard_altar, minmay_temple_entry_junction,
          skrybe_limestone_x, uniq_ijyb
D:6:      layout_basic, grunt_temple_overflow_diamond
D:7:      layout_rooms, ebering_ghost_disaster_area, uniq_duvessa,
          uniq_crazy_yiuf_cottage
D:8:      layout_loops_corners, grunt_ogre_cave
D:9:      layout_irregular_city
Temple:   eino_narrow_crystal_temple

Skill      XL: |  1  2  3  4  5  6  7  8  9 10 11 |
---------------+----------------------------------+-----
Spellcasting   | 2 3 4 5 |  5.5
Fighting       | 1 2 3 4 5 6 |  6.8
Unarmed Combat | 1 2 3 4 5 6 |  6.7
Ice Magic      | 5 6 7 8 |  8.2
Hexes          | 1 2 3 4 |  4.3
Dodging        | 2 3 4 5 |  5.0
Invocations    | 1 2 4 5 |  5.3
Earth Magic    | 1 3 4 |  4.0
Conjurations   | 2 |  2.2
Air Magic      | 2 |  2.2
Stealth        | |  2.1

Action                   |  1- 3 |  4- 6 |  7- 9 | 10-12 || total
-------------------------+-------+-------+-------+-------++-------
Melee: Unarmed           |    92 |    85 |   175 |   106 ||   458
       Punch             |       |     2 |     7 |     8 ||    17
Throw: Dart              |       |     4 |       |     1 ||     5
       Boomerang         |       |       |    17 |    14 ||    31
 Cast: Freeze            |    26 |    21 |    20 |    12 ||    79
       Frozen Ramparts   |     2 |    16 |    28 |    23 ||    69
       Ozocubu's Armour  |       |     1 |    16 |    14 ||    31
       Confusing Touch   |       |       |     1 |       ||     1
       Swiftness         |       |       |       |     1 ||     1
  Use: Scroll            |       |     6 |       |       ||     6
       Potion            |       |       |       |     1 ||     1
 Stab: Sleeping          |     2 |     1 |     3 |       ||     6
Armor: Robe              |    17 |    15 |    41 |       ||    73
       Troll leather arm |       |       |     1 |    35 ||    36
Dodge: Dodged            |    61 |    97 |   111 |   103 ||   372
       Repelled          |     1 |     1 |     2 |       ||     4
